WIN
ST. LOUIS (WIN) CARDINALS @ TORONTO (WIN) BLUE JAYS
12/04/2045
 
TOP OF THE 1ST
St. Louis (WIN) Cardinals batting - Pitching for Toronto (WIN) Blue Jays : LHP Jon Sosa
Pitching: LHP Jon Sosa
Batting: RHB Nick Gentzel 0-0: Ball
1-0: Foul Ball, location: 2F
1-1: Foul Ball, location: 2F
1-2: Strikes out swinging
Batting: RHB Klaas Meij 0-0: Called Strike
0-1: Hit by Pitch
Batting: LHB Ichiro Toyota 0-0: Ball
1-0: Ball
2-0: Called Strike
2-1: Ball
3-1: Foul Ball, location: 2F
3-2: Foul Ball, location: 2F
3-2: Foul Ball, location: 2F
3-2: Base on Balls
Klaas Meij to second
Batting: RHB Melvin Enriquez 0-0: Swinging Strike
0-1: Foul Ball, location: 2F
0-2: Ball
1-2: Ball
2-2: Ball
3-2: Strikes out swinging
Batting: RHB Terry Baginski 0-0: Ball
1-0: Called Strike
1-1: Swinging Strike
1-2: Strikes out swinging
Top of the 1st over - 0 runs, 0 hits, 0 errors, 2 left on base; St. Louis (WIN) 0 - Toronto (WIN) 0
BOTTOM OF THE 1ST
Toronto (WIN) Blue Jays batting - Pitching for St. Louis (WIN) Cardinals : LHP Tsugunosuke Murakami
Pitching: LHP Tsugunosuke Murakami
Batting: RHB Danny Burnside 0-0: Ball
1-0: Ball
2-0: Foul Ball, location: 2F
2-1: Foul Ball, location: 2F
2-2: Foul Ball, location: 2F
2-2: Fly out, F8 (Flyball, 89D, EV 91.2 MPH)
Batting: RHB Cyril Husson 0-0: Called Strike
0-1: Swinging Strike
0-2: Foul Ball, location: 2F
0-2: Ball
1-2: Ball
2-2: Ball
3-2: Strikes out swinging
Batting: RHB Finn Ross 0-0: Ball
1-0: Foul Ball, location: 2F
1-1: Foul Ball, location: 2F
1-2: Ball
2-2: Strikes out swinging
Bottom of the 1st over - 0 runs, 0 hits, 0 errors, 0 left on base; St. Louis (WIN) 0 - Toronto (WIN) 0
TOP OF THE 2ND
St. Louis (WIN) Cardinals batting - Pitching for Toronto (WIN) Blue Jays : LHP Jon Sosa
Batting: RHB Travis Leonard 0-0: SINGLE (Groundball, 56D, EV 93.8 MPH)
Batting: RHB Mark Cahill 0-0: Ball
1-0: SINGLE (Groundball, 56D, EV 95.6 MPH)
Travis Leonard to second
Batting: SHB Jason Kirby 0-0: Grounds into double play, 6-4-3 (Groundball, 56, EV 80.6 MPH)
Travis Leonard to third
Batting: RHB Justin Reich 0-0: Called Strike
0-1: Called Strike
0-2: Ball
1-2: Ball
2-2: Strikes out looking
Top of the 2nd over - 0 runs, 2 hits, 0 errors, 1 left on base; St. Louis (WIN) 0 - Toronto (WIN) 0
BOTTOM OF THE 2ND
Toronto (WIN) Blue Jays batting - Pitching for St. Louis (WIN) Cardinals : LHP Tsugunosuke Murakami
Batting: RHB Jordan Fairburn 0-0: Ball
1-0: Ball
2-0: Ball
3-0: Called Strike
3-1: Base on Balls
Batting: RHB Darren McCarty Jr. 0-0: Ball
1-0: Called Strike
Jordan Fairburn is caught stealing 2nd base 2-4
1-1: Ball
2-1: Ground out 4-3 (Groundball, 4, EV 90.6 MPH)
Batting: SHB Spencer Jones 0-0: Ground out 5-3 (Groundball, 56, EV 92.5 MPH)
Bottom of the 2nd over - 0 runs, 0 hits, 0 errors, 0 left on base; St. Louis (WIN) 0 - Toronto (WIN) 0
TOP OF THE 3RD
St. Louis (WIN) Cardinals batting - Pitching for Toronto (WIN) Blue Jays : LHP Jon Sosa
Batting: RHB Nick Gentzel 0-0: Ball
1-0: Ball
2-0: Ball
3-0: Base on Balls
Batting: RHB Klaas Meij 0-0: Foul Ball, location: 2F
0-1: Ball
1-1: Swinging Strike
1-2: Foul Ball, location: 2F
1-2: Fly out, F5 (Popup, 56S, EV 80.0 MPH)
Batting: LHB Ichiro Toyota 0-0: Called Strike
0-1: Fly out, F7 (Flyball, 7S, EV 84.4 MPH)
Batting: RHB Melvin Enriquez 0-0: Ball
1-0: Fielders Choice at 2nd, 6-4 (Groundball, 6, EV 97.5 MPH)
Top of the 3rd over - 0 runs, 0 hits, 0 errors, 1 left on base; St. Louis (WIN) 0 - Toronto (WIN) 0
BOTTOM OF THE 3RD
Toronto (WIN) Blue Jays batting - Pitching for St. Louis (WIN) Cardinals : LHP Tsugunosuke Murakami
Batting: RHB Mike Strey 0-0: Swinging Strike
0-1: Swinging Strike
0-2: Strikes out swinging
Batting: LHB Yoshinari Nara 0-0: Ball
1-0: Swinging Strike
1-1: Called Strike
1-2: Fly out, F8 (Flyball, 8RD, EV 78.1 MPH)
Batting: SHB Jack Andrews 0-0: Foul Ball, location: 2F
0-1: Ball
1-1: DOUBLE (Groundball, 5L, EV 103.1 MPH)
Batting: RHB Danny Burnside 0-0: Called Strike
0-1: Swinging Strike
0-2: Ball
1-2: Foul Ball, location: 2F
1-2: Strikes out swinging
Bottom of the 3rd over - 0 runs, 1 hit, 0 errors, 1 left on base; St. Louis (WIN) 0 - Toronto (WIN) 0
TOP OF THE 4TH
St. Louis (WIN) Cardinals batting - Pitching for Toronto (WIN) Blue Jays : LHP Jon Sosa
Batting: RHB Terry Baginski 0-0: Ball
1-0: Called Strike
1-1: Swinging Strike
1-2: Strikes out swinging
Batting: RHB Travis Leonard 0-0: Swinging Strike
0-1: Ball
1-1: Ball
2-1: Called Strike
2-2: Strikes out swinging
Batting: RHB Mark Cahill 0-0: SINGLE (Line Drive, 34D, EV 94.4 MPH)
Batting: SHB Jason Kirby 0-0: Foul Ball, location: 2F
0-1: Foul Ball, location: 2F
0-2: Strikes out swinging
Top of the 4th over - 0 runs, 1 hit, 0 errors, 1 left on base; St. Louis (WIN) 0 - Toronto (WIN) 0
BOTTOM OF THE 4TH
Toronto (WIN) Blue Jays batting - Pitching for St. Louis (WIN) Cardinals : LHP Tsugunosuke Murakami
Batting: RHB Cyril Husson 0-0: Called Strike
0-1: Ball
1-1: Ball
2-1: Ball
3-1: Base on Balls
Batting: RHB Finn Ross 0-0: Grounds into double play, 6-4-3 (Groundball, 6, EV 88.1 MPH)
Batting: RHB Jordan Fairburn 0-0: Ball
1-0: Swinging Strike
1-1: Ball
2-1: Fly out, F7 (Flyball, 7D, EV 104.4 MPH)
Bottom of the 4th over - 0 runs, 0 hits, 0 errors, 0 left on base; St. Louis (WIN) 0 - Toronto (WIN) 0
TOP OF THE 5TH
St. Louis (WIN) Cardinals batting - Pitching for Toronto (WIN) Blue Jays : LHP Jon Sosa
Batting: RHB Justin Reich 0-0: Called Strike
0-1: Ground out U3 (Groundball, 34, EV 91.9 MPH)
Batting: RHB Nick Gentzel 0-0: Ball
1-0: Foul Ball, location: 2F
1-1: Ground out 6-3 (Groundball, 6, EV 83.8 MPH)
Batting: RHB Klaas Meij 0-0: Ball
1-0: Foul Ball, location: 2F
1-1: Hit by Pitch
Batting: LHB Ichiro Toyota 0-0: Ball
Klaas Meij steals 2nd base
1-0: Ground out U3 (Groundball, 3, EV 101.2 MPH)
Top of the 5th over - 0 runs, 0 hits, 0 errors, 1 left on base; St. Louis (WIN) 0 - Toronto (WIN) 0
BOTTOM OF THE 5TH
Toronto (WIN) Blue Jays batting - Pitching for St. Louis (WIN) Cardinals : LHP Tsugunosuke Murakami
Batting: RHB Darren McCarty Jr. 0-0: Called Strike
0-1: Ball
1-1: Swinging Strike
1-2: Foul Ball, location: 2F
1-2: Ball
2-2: DOUBLE (Flyball, 7LD, EV 105.0 MPH)
Batting: SHB Spencer Jones 0-0: SINGLE (Groundball, 6MD, EV 95.0 MPH)
Darren McCarty Jr. to third
Batting: RHB Mike Strey 0-0: SINGLE (Line Drive, 34D, EV 99.4 MPH)
Darren McCarty Jr. scores
Spencer Jones to second
Runner from 2nd tries for 3rd, SAFE, throw by RF made to third
Batting: LHB Yoshinari Nara 0-0: Ball
1-0: Reached on error, E1 (Groundball, 23, EV 71.2 MPH)
Spencer Jones scores
Mike Strey to second
Batting: SHB Jack Andrews 0-0: Called Strike
0-1: Ball
1-1: Ball
2-1: Foul Ball, location: 2F
2-2: Ground out 6-3 (Groundball, 6S, EV 66.9 MPH)
Mike Strey to third
Yoshinari Nara to second
Batting: RHB Danny Burnside 0-0: Called Strike
0-1: Ball
Wild Pitch!
Mike Strey scores
Yoshinari Nara to third
1-1: Ground out 5-3 (Groundball, 56S, EV 88.1 MPH)
Yoshinari Nara scores
Batting: RHB Cyril Husson 0-0: Foul Ball, location: 2F
0-1: Ball
1-1: Ball
2-1: Swinging Strike
2-2: Ball
3-2: Base on Balls
Batting: RHB Finn Ross 0-0: Called Strike
0-1: Swinging Strike
0-2: Strikes out swinging
Bottom of the 5th over - 4 runs, 3 hits, 1 error, 1 left on base; St. Louis (WIN) 0 - Toronto (WIN) 4
TOP OF THE 6TH
St. Louis (WIN) Cardinals batting - Pitching for Toronto (WIN) Blue Jays : LHP Jon Sosa
Batting: RHB Melvin Enriquez 0-0: Foul Ball, location: 2F
0-1: Foul Ball, location: 2F
0-2: Strikes out swinging
Batting: RHB Terry Baginski 0-0: Ball
1-0: Ball
2-0: SOLO HOME RUN (Flyball, 89XD, EV 111.9 MPH), Distance : 400 ft
Batting: RHB Travis Leonard 0-0: Ball
1-0: Ball
2-0: Called Strike
2-1: Fly out, F4 (Popup, 4M, EV 56.2 MPH)
Batting: RHB Mark Cahill 0-0: Called Strike
0-1: Swinging Strike
0-2: Ball
1-2: Foul Ball, location: 2F
1-2: Ground out 4-3 (Groundball, 13, EV 88.8 MPH)
Top of the 6th over - 1 run, 1 hit, 0 errors, 0 left on base; St. Louis (WIN) 1 - Toronto (WIN) 4
BOTTOM OF THE 6TH
Toronto (WIN) Blue Jays batting - Pitching for St. Louis (WIN) Cardinals : LHP Tsugunosuke Murakami
Batting: RHB Jordan Fairburn 0-0: Ball
1-0: Ball
2-0: Foul Ball, location: 2F
2-1: Fly out, F8 (Flyball, 89M, EV 97.5 MPH)
Batting: RHB Darren McCarty Jr. 0-0: Ball
1-0: Ground out 4-3 (Groundball, 4, EV 81.9 MPH)
Batting: SHB Spencer Jones 0-0: Called Strike
0-1: Ball
1-1: Ball
2-1: SINGLE (Groundball, 4MD, EV 96.9 MPH)
Batting: RHB Mike Strey 0-0: Fly out, F2 (Popup, 23F, EV 81.9 MPH)
Bottom of the 6th over - 0 runs, 1 hit, 0 errors, 1 left on base; St. Louis (WIN) 1 - Toronto (WIN) 4
TOP OF THE 7TH
St. Louis (WIN) Cardinals batting - Pitching for Toronto (WIN) Blue Jays : LHP Jon Sosa
Batting: SHB Jason Kirby 0-0: Called Strike
0-1: Called Strike
0-2: Ball
1-2: Ball
2-2: Strikes out swinging
Batting: RHB Justin Reich 0-0: Ball
1-0: Ball
2-0: Foul Ball, location: 2F
2-1: Fly out, F4 (Popup, 4MS, EV 65.0 MPH)
Batting: RHB Nick Gentzel 0-0: Called Strike
0-1: Ball
1-1: Swinging Strike
1-2: Ball
2-2: Strikes out swinging
Top of the 7th over - 0 runs, 0 hits, 0 errors, 0 left on base; St. Louis (WIN) 1 - Toronto (WIN) 4
BOTTOM OF THE 7TH
Toronto (WIN) Blue Jays batting - Pitching for St. Louis (WIN) Cardinals : LHP Tsugunosuke Murakami
Batting: LHB Yoshinari Nara 0-0: Ball
1-0: Ball
2-0: Called Strike
2-1: Swinging Strike
2-2: Ball
3-2: Strikes out swinging
Pitching: RHP Brian Sanderson
Batting: SHB Jack Andrews 0-0: Ball
1-0: Ground out 6-3 (Groundball, 6, EV 85.6 MPH)
Batting: RHB Danny Burnside 0-0: Ball
1-0: Ball
2-0: Swinging Strike
2-1: Ball
3-1: Foul Ball, location: 2F
3-2: Base on Balls
Batting: RHB Cyril Husson 0-0: Foul Ball, location: 2F
0-1: DOUBLE (Line Drive, 5D, EV 103.8 MPH)
Danny Burnside to third
Runner from 3rd tries for Home, SAFE, throw by LF to home
Batting: RHB Finn Ross 0-0: Fly out, F8 (Flyball, 89M, EV 95.0 MPH)
Bottom of the 7th over - 1 run, 1 hit, 0 errors, 1 left on base; St. Louis (WIN) 1 - Toronto (WIN) 5
TOP OF THE 8TH
St. Louis (WIN) Cardinals batting - Pitching for Toronto (WIN) Blue Jays : LHP Jon Sosa
Batting: RHB Klaas Meij 0-0: Swinging Strike
0-1: Ball
1-1: Ball
2-1: Fly out, F9 (Flyball, 89M, EV 93.8 MPH)
Pitching: RHP Luis Bautista
Batting: LHB Ichiro Toyota 0-0: Swinging Strike
0-1: Ball
1-1: Ball
2-1: Fly out, F6 (Line Drive, 6, EV 67.5 MPH)
Pitching: RHP Gilberto Dominguez
Batting: RHB Melvin Enriquez 0-0: Called Strike
0-1: Ball
1-1: Fly out, F9 (Flyball, 9D, EV 77.5 MPH)
Top of the 8th over - 0 runs, 0 hits, 0 errors, 0 left on base; St. Louis (WIN) 1 - Toronto (WIN) 5
BOTTOM OF THE 8TH
Toronto (WIN) Blue Jays batting - Pitching for St. Louis (WIN) Cardinals : RHP Brian Sanderson
Batting: RHB Jordan Fairburn 0-0: Foul Ball, location: 2F
0-1: Ball
1-1: Swinging Strike
1-2: Foul Ball, location: 2F
1-2: SINGLE (Groundball, 6MD, EV 94.4 MPH)
Batting: RHB Darren McCarty Jr. 0-0: Called Strike
0-1: Ball
1-1: Ball
2-1: Called Strike
2-2: Ball
3-2: Strikes out swinging
Batting: SHB Spencer Jones 0-0: Called Strike
0-1: Called Strike
0-2: Ball
1-2: Ball
2-2: Strikes out looking
Batting: RHB Mike Strey 0-0: Called Strike
0-1: Foul Ball, location: 2F
0-2: Ball
1-2: Foul Ball, location: 2F
1-2: Strikes out swinging
Bottom of the 8th over - 0 runs, 1 hit, 0 errors, 1 left on base; St. Louis (WIN) 1 - Toronto (WIN) 5
TOP OF THE 9TH
St. Louis (WIN) Cardinals batting - Pitching for Toronto (WIN) Blue Jays : RHP Gilberto Dominguez
Batting: RHB Terry Baginski 0-0: Called Strike
0-1: Ball
1-1: Called Strike
1-2: Ball
2-2: Ball
3-2: Foul Ball, location: 2F
3-2: Strikes out looking
Batting: RHB Travis Leonard 0-0: Fly out, F6 (Flyball, 56D, EV 88.8 MPH)
Batting: RHB Mark Cahill 0-0: Foul Ball, location: 2F
0-1: Ball
1-1: Ball
2-1: Called Strike
2-2: Foul Ball, location: 2F
2-2: Foul Ball, location: 2F
2-2: Foul Ball, location: 2F
2-2: Strikes out swinging
Top of the 9th over - 0 runs, 0 hits, 0 errors, 0 left on base; St. Louis (WIN) 1 - Toronto (WIN) 5
Wednesday, June 22nd , 2022 - OOTP Baseball 23.4 Build 64